Map: Purity and Industry LE

Players

DPGCure (Cure)

  • Race: Terran Terran
  • League: Master
  • Spawn Location: 3:00

SpeCial - Winner!

  • Race: Terran Terran
  • League: Master
  • Spawn Location: 12:00

Event: Shopify TSL 5

VOD

Have the link to the VOD?

Description

Time

  • Played on: May 17, 2020, 12:04 p.m.
  • Length: 7:32

All games in this series

Show
View Real Time Build Order
Export as new Build Order

DPGCure Terran 

Build Orders:  

Get SALT Encoding   

  12  0:00  SCV  
  13  0:13  Supply Depot  
  13  0:18  SCV  
  14  0:35  Barracks  
  14  0:40  Refinery  
  14  0:55  Barracks  
  14  1:00  SCV  
  15  1:10  Refinery  
  15  1:14  SCV  
  16  1:23  Reaper  
  17  1:36  Orbital Command  
  17  1:55  Reaper  
  18  2:02  SCV  
  19  2:09  Factory  
  19  2:14  Reaper  
  20  2:22  Supply Depot  
  20  2:27  Reaper  
  21  2:32  SCV  
  21  2:44  SCV  
  21  2:46  Reaper  
  23  2:53  Factory Tech Lab  
  23  2:54  Supply Depot  
  23  2:56  SCV  
  24  3:00  Reaper  
  25  3:08  SCV  
  25  3:12  Cyclone  
  29  3:18  Reaper  
  30  3:20  SCV  
  31  3:27  Supply Depot  
  31  3:32  SCV  
  31  3:33  Reaper  
  33  3:44  SCV, Cyclone  
  37  3:54  Supply Depot, Reaper  
  38  4:09  Reaper  
  36  4:25  Command Center  
  36  4:31  SCV, Reaper  
  35  4:40  Cyclone  
  35  4:44  SCV  
  34  5:03  SCV  
  35  5:15  SCV, Cyclone  
  35  5:16  Refinery  
  38  5:27  SCV  
  36  5:30  Command Center  
  36  5:37  Orbital Command  
  36  5:39  SCV  
  36  5:41  Starport  
  37  5:51  SCV  
  38  6:00  Cyclone  
  38  6:03  SCV x2  
  42  6:15  SCV x2  
  42  6:17  Starport Tech Lab  
  44  6:27  SCV x2  
  44  6:32  Cyclone  
  49  6:36  Banshee  
  49  6:39  SCV x2  
  52  6:51  SCV x2, Orbital Command  
  53  7:04  SCV x2  
  48  7:16  SCV x2  
  48  7:20  SCV  
Show
View Real Time Build Order
Export as new Build Order

SpeCial Terran - Winner!

Build Orders: 1/1/1, Liberator Opening 

Get SALT Encoding   

  12  0:00  SCV  
  13  0:13  SCV  
  14  0:17  Supply Depot  
  14  0:25  SCV  
  14  0:28  Refinery  
  15  0:38  SCV  
  16  0:45  Barracks  
  16  0:50  SCV  
  17  1:02  SCV  
  18  1:14  SCV  
  19  1:31  Marine  
  19  1:32  Orbital Command  
  20  1:34  Factory  
  20  1:41  Supply Depot  
  20  1:49  Marine  
  21  1:59  SCV  
  22  2:07  Marine  
  23  2:11  SCV  
  23  2:13  Refinery  
  24  2:18  Hellion  
  24  2:19  Starport  
  26  2:23  SCV  
  26  2:26  Marine  
  28  2:30  Supply Depot  
  28  2:35  SCV  
  29  2:42  Hellion  
  31  2:51  SCV  
  31  2:55  Barracks Reactor  
  32  3:00  Liberator  
  35  3:06  Factory Tech Lab  
  35  3:07  SCV  
  36  3:21  Command Center  
  36  3:27  Supply Depot  
  36  3:33  Cyclone  
  39  3:44  Starport Tech Lab  
  39  3:49  SCV, Marine x2  
  42  4:01  SCV  
  39  4:04  Banshee  
  39  4:07  Marine x2  
  39  4:13  SCV  
  40  4:18  Cyclone  
  43  4:24  Marine x2  
  45  4:34  SCV  
  46  4:42  Marine  
  47  4:47  Marine  
  46  4:53  Cyclone  
  46  4:55  Orbital Command  
  46  5:00  Marine  
  46  5:03  SCV  
  46  5:05  Marine  
  46  5:06  Raven  
  51  5:07  Refinery  
  51  5:15  SCV, Supply Depot  
  51  5:18  Marine  
  53  5:22  Marine  
  53  5:23  SCV  
  53  5:27  SCV  
  53  5:35  SCV, Siege Tank  
  54  5:36  Marine  
  54  5:40  SCV, Marine  
  60  5:47  SCV  
  61  5:52  SCV  
  61  5:53  Marine  
  63  5:58  Marine  
  63  5:59  SCV  
  63  6:00  Supply Depot  
  63  6:04  SCV  
  66  6:08  Siege Tank  
  69  6:11  SCV  
  69  6:17  Command Center  
  70  6:21  SCV  
  70  6:23  SCV, Supply Depot  
  72  6:29  Viking  
  72  6:31  Viking  
  76  6:33  SCV  
  76  6:35  Marine  
  78  6:42  Supply Depot  
  78  6:44  SCV, Siege Tank  
  82  6:49  SCV  
  82  6:52  Marine  
  84  6:57  SCV  
  84  7:01  SCV  
  87  7:09  SCV  
  87  7:10  Marine  
  82  7:18  SCV  
Tags
 
Add a new tag
Caveats
  • Supply blocks, unpowered buildings, or Contaminate may cause inaccurate times.
  • Supply counts are checked every 10 seconds.